woodfighter, lawful female dwarven Priestess # #`# ------- o ####@ ##......| d # |.....| d## |...<.. # # ------- o woodfighter the Acolyte Experience level: 5 Strength: 12 Dexterity: 14 Constitution: 14 Intelligence: 17 Wisdom: 9 Charisma: 9 Health: 0(40) Energy: 19(19) Def: 4 Gold: 904 Moves: 3869 Dungeon seed: sdzbUp-xYozasL4a Game ID: woodfighter_1551653911 Your Inventory: Coins $ - 904 gold pieces Amulets p - a cursed amulet of strangulation Weapons a - a blessed +1 mace (weapon in hand) Armor e - a +0 robe (being worn) n - a +0 small shield (being worn) q - a +0 leather jacket (being worn) y - a cursed -1 cloak of invisibility Comestibles G - a tin of coyote meat Scrolls m - 5 scrolls of scare monster v - 2 scrolls of light E - a blessed scroll of identify F - a blessed scroll of teleportation Spellbooks g - a spellbook of protection h - a spellbook of extra healing D - a spellbook of healing Potions b - 4 potions of holy water C - a cursed potion of healing Rings A - a blessed +2 ring of gain constitution Wands f - a wand of cancellation (0:1) Tools i - a magic marker (0:56) k - a brass lantern (0:1044) t - a blindfold Gems r - a worthless piece of violet glass Spells and supernatural/magical abilities: Name Level Category Fail Memory p - protection 1 clerical 0% 81% x - extra healing 3 healing 81% 81% W - pray for help -- divine ? -- X - turn undead -- divine ? -- Your skills at the end: Miscellaneous Skills shield [Basic] wands [Basic] Weapon Skills pick-axe [Basic] mace [Basic] Spellcasting Skills clerical spells [Basic] Final Attributes: You were fervently aligned. You had infravision. You were stealthy. You are dead. Vanquished creatures: a giant beetle 2 housecats a straw golem a kitten a homunculus an iguana 2 hill orcs a jitterbug 3 orc zombies a gas spore a large kobold 7 geckos 3 giant rats a cave spider a gnome zombie 5 jackals 8 newts a goblin 2 sewer rats 8 grid bugs 3 lichens 54 creatures vanquished. Voluntary challenges: You did not cause conflict. You were not invisible. You did not have reflection. You were not displaced. You used a wielded weapon 79 times, starting on turn 105. You did not use containers. You did not apply a unicorn horn. You did not use plumbed fixtures. You were illiterate. You never genocided any monsters. You never polymorphed an object. You never changed form. You used no wishes. You never split a pudding. You never wrote Elbereth's name. You violated your moral code, losing 5 points of alignment, starting on turn 1554. Dungeon overview: The Dungeons of Doom: levels 1 to 8 Level 1 a fountain a long staircase Level 2 (vault) Level 3 (vault) a fountain stairs to The Gnomish Mines Level 4 a general store Level 5 (eye) a potion shop, a fountain Level 6 an altar to Amaterasu Omikami, a fountain Level 7 (vault) Level 8 <- You were here The Gnomish Mines: Level 4 stairs to The Dungeons of Doom History has recorded: On T:1 you entered the Dungeons of Doom to retrieve the Amulet of Yendor! On T:30 you reached level 2 of The Dungeons of Doom. On T:366 you advanced to experience level 2. On T:477 you reached level 3 of The Dungeons of Doom. On T:943 you reached level 4 of The Dungeons of Doom. On T:1112 you reached level 1 of The Gnomish Mines. On T:1336 you reached level 5 of The Dungeons of Doom. On T:1554 you advanced to experience level 3. On T:1554 you advanced to experience level 4. On T:1759 you prayed to Amaterasu Omikami. On T:2064 you prayed to Amaterasu Omikami. On T:2137 you reached level 6 of The Dungeons of Doom. On T:2609 you reached level 7 of The Dungeons of Doom. On T:3027 you prayed to Amaterasu Omikami. On T:3410 you reached level 8 of The Dungeons of Doom. On T:3526 you advanced to experience level 5. On T:3587 you prayed to Amaterasu Omikami. On T:3869 you prayed to Amaterasu Omikami. Score breakdown: Gold: 904 ( 90 points) Experience: 5 levels ( 400 points) Exploration: 8 levels ( 210 points) Discoveries: 12 items ( 600 points) Variety of kills: 21 monsters ( 1050 points) Major goal: (nothing yet) ( 0 points) Survival: died (score multiplied by 3) Total score: 7050 Latest messages: You kill the housecat! You see here a tin. G - a tin. You are beginning to feel hungry. You hit the iguana! (2x) The iguana just misses! You kill the iguana! You hit the hill orc! (2x) The hill orc punches you! You kill the hill orc! The hill orc wields a curved sword! You hit the hill orc. You hit the hill orc! The hill orc swings her curved sword at you. The hill orc hacks you! The hill orc swings her curved sword at you. The hill orc hacks you! You hit the hill orc! The hill orc swings her curved sword at you. The hill orc slashes you! You kill the hill orc! The hill orc throws a crude dagger! The hill orc is hit! You begin praying to Amaterasu Omikami. The dingo bites! (2x) You die... Final status: Goodbye woodfighter the Priestess, killed by a dingo, while praying... You died in The Dungeons of Doom on dungeon level 8 with 7050 points, and 904 pieces of gold, after 3869 moves. You were level 5 with a maximum of 40 hit points when you died.